 Dungeon Crawl Stone Soup version 0.18-a0-1643-gb89d9db (webtiles) character file.

308 Foomius the Scholar of Death (level 6, 0/46 HPs)
             Began as a Demonspawn Necromancer on Mar 28, 2016.
             Was a Follower of Kikubaaqudgha.
             Slain by a gnoll
             ... wielding a +0 spear
              (8 damage)
             ... on level 3 of the Dungeon.
             The game lasted 00:12:43 (2899 turns).

Foomius the Scholar of Death (DsNe)                 Turns: 2899, Time: 00:12:44

Health: 0/46       AC:  3    Str: 14    XL:     6   Next: 16%
Magic:  8/10       EV: 15    Int: 18    God:    Kikubaaqudgha [*.....]
Gold:   190        SH:  0    Dex: 13    Spells: 5 memorised, 1 level left

rFire  . . .     SeeInvis .     D - +0 short sword
rCold  + . .     Gourm    .     k - +0 leather armour
rNeg   . . .     Faith    .     (no shield)
rPois  .         Spirit   .     (no helmet)
rElec  .         Dismiss  .     (no cloak)
rCorr  .         Reflect  .     (no gloves)
SustAt .         Harm     .     (no boots)
MR     .....                    (no amulet)
Stlth  +.........               (no ring)
                                (no ring)

@: mighty, not resistant to hostile enchantments, very unstealthy
A: hooves 2, repulsion field 1, cold resistance 1
a: Receive Corpses, Renounce Religion


You were on level 3 of the Dungeon.
You worshipped Kikubaaqudgha.
Kikubaaqudgha was aware of your devotion.
You were hungry.

You visited 1 branch of the dungeon, and saw 3 of its levels.

You collected 190 gold pieces.

Inventory:

Hand Weapons
 p - a +0 dagger
 D - a +0 short sword (weapon)
Missiles
 j - 128 stones (quivered)
 A - 6 poisoned needles
Armour
 k - a +0 leather armour (worn)
Jewellery
 y - a +2 ring of protection {unknown}
Scrolls
 e - a scroll of teleportation {unknown}
 g - 2 scrolls of enchant armour {unknown}
 i - 6 scrolls of remove curse {unknown}
 l - a scroll of immolation {unknown}
 o - 3 scrolls of identify {unknown}
 q - a scroll of random uselessness {unknown}
 r - a scroll of recharging {unknown}
 u - a scroll of fear {unknown}
 v - a scroll of fog {unknown}
Potions
 a - a potion of curing
 h - a potion of heal wounds {unknown}
 t - a potion of resistance {unknown}
 x - a potion of flight {unknown}
 z - 2 potions of lignification {unknown}
Books
 b - a book of Necromancy

   Spells                             Type                      Level
   a - Pain                           Necromancy                   1
   b - Animate Skeleton               Necromancy                   1
   c - Vampiric Draining              Necromancy                   3
   d - Regeneration                   Charms/Necromancy            3
   e - Animate Dead                   Necromancy                   4
   f - Control Undead                 Necromancy                   4
 d - Kikubaaqudgha's Compendium of Unholy Arts
   (Kikubaaqudgha gifted it to you on level 3 of the Dungeon)

   Spells                             Type                      Level
   a - Animate Skeleton               Necromancy                   1
   b - Corpse Rot                     Necromancy                   2
   c - Sublimation of Blood           Necromancy                   2
   d - Regeneration                   Charms/Necromancy            3
   e - Control Undead                 Necromancy                   4
Comestibles
 c - 4 bread rations
 n - a meat ration
 s - 3 fruits
 w - 2 slices of pizza
 B - 2 beef jerkies


   Skills:
 + Level 2.8 Fighting
 + Level 3.4 Dodging
 - Level 1.7 Stealth
 - Level 3.2 Spellcasting
 - Level 5.5 Necromancy


You had one spell level left.
You knew the following spells:

 Your Spells              Type           Power        Failure   Level  Hunger
a - Pain                  Necr           ###.         2%          1    None
b - Animate Skeleton      Necr           N/A          2%          1    None
g - Regeneration          Chrm/Necr      ##........   21%         3    ###....
s - Sublimation of Blood  Necr           ###.......   3%          2    ##.....
v - Vampiric Draining     Necr           ###.......   10%         3    ###....


Dungeon Overview and Level Annotations

Branches:
Dungeon (3/15)

Altars:
Kikubaaqudgha


Innate Abilities, Weirdness & Mutations

You have hoof-like feet.
You are surrounded by a mild repulsion field (EV +2).
Your flesh is cold resistant.


Message History

Your skin is crawling a little less now.
The gnoll hits you but does no damage.
You barely miss the gnoll. The gnoll hits you with a spear!
* * * LOW HITPOINT WARNING * * *
You barely miss the gnoll. The gnoll closely misses you.
You closely miss the gnoll. The gnoll hits you with a spear.
* * * LOW HITPOINT WARNING * * *
You hit the gnoll.
The gnoll is lightly wounded.
The gnoll closely misses you.
You barely miss the gnoll. Your kick misses the gnoll.
The gnoll is lightly wounded.
Your skin stops crawling.
The gnoll hits you with a spear.
* * * LOW HITPOINT WARNING * * *
You barely miss the gnoll. Your kick misses the gnoll.
The gnoll is lightly wounded.
The gnoll hits you with a spear!
You die...
Kikubaaqudgha rasps: "You have failed me!
Welcome... death!"

###.#.## ##+# #.#.###.# #..###.#
##...## #.#.# #.# #.#.#.##
##.....## #.#.# #.# #.##.##
##.....).## ##...# #.#
##.#...####.........####...## #.#
..........+.........'...(...###.#
##.#...####........)####........#
#.##.## #......)## ##..######
#.#### ##...@.## ##)..# #.#
##.g### ###.# #.# ########'# #.#
#.# #........# #.# #.# #.#####..#
#.# #..# #.# ###..# #.# #
##....## #.# #.#.##......# ..#


You could see a gnoll.

Vanquished Creatures
  A water moccasin (D:3)
  An orc priest (D:3)
  An orc wizard (D:3)
  4 gnolls
  An adder (D:2)
  A worm (D:3)
  3 dart slugs
  A giant gecko (D:2)
  An orc (D:3)
  A ball python (D:1)
  5 giant cockroaches
  6 hobgoblins
  10 jackals
  2 quokkas (D:2)
  5 bats
  3 giant newts
  4 goblins (D:1)
  6 kobolds
  7 rats
63 creatures vanquished.

Vanquished Creatures (collateral kills)
  An orc wizard (D:3)
  An ooze (D:2)
  An orc (D:3)
  A goblin (D:2)
  A jackal (D:3)
5 creatures vanquished.

Grand Total: 68 creatures vanquished

Notes
Turn   | Place    | Note
--------------------------------------------------------------
     0 | D:1      | Foomius the Demonspawn Necromancer began the quest for the Orb.
     0 | D:1      | Reached XP level 1. HP: 13/13 MP: 3/3
   446 | D:1      | Gained mutation: You have large cloven feet. [demonic ancestry]
   446 | D:1      | Reached XP level 2. HP: 16/19 MP: 1/5
   842 | D:1      | Reached skill level 5 in Necromancy
  1063 | D:1      | Reached XP level 3. HP: 16/24 MP: 0/6
  1122 | D:1      | Learned a level 3 spell: Vampiric Draining
  1126 | D:1      | Learned a level 3 spell: Regeneration
  1729 | D:2      | Gained mutation: You have hoof-like feet. [demonic ancestry]
  1729 | D:2      | Reached XP level 4. HP: 25/30 MP: 3/8
  1783 | D:2      | Learned a level 1 spell: Animate Skeleton
  1968 | D:2      | Found an ancient bone altar of Kikubaaqudgha.
  1979 | D:2      | Became a worshipper of Kikubaaqudgha
  2219 | D:3      | Noticed a water moccasin
  2228 | D:3      | Killed a water moccasin
  2228 | D:3      | Gained mutation: You are surrounded by a mild repulsion field (EV +2). [demonic ancestry]
  2228 | D:3      | Reached XP level 5. HP: 4/39 MP: 0/9
  2449 | D:3      | Reached * piety under Kikubaaqudgha
  2449 | D:3      | Received a gift from Kikubaaqudgha
  2453 | D:3      | Identified Kikubaaqudgha's Compendium of Unholy Arts (Kikubaaqudgha gifted it to you on level 3 of the Dungeon)
  2552 | D:2      | Learned a level 2 spell: Sublimation of Blood
  2846 | D:3      | Gained mutation: Your flesh is cold resistant. [demonic ancestry]
  2846 | D:3      | Reached XP level 6. HP: 30/46 MP: 6/10
  2899 | D:3      | Slain by a gnoll

Vault maps used:
D:1:      dpeg_arrival_rooms_a, minmay_shallow_snake_nest
D:2:      old_standard_altar
D:3:      cheibriados_altar_wand_db, okawaru_gym_becter, first_bread

Skill      XL: |  1  2  3  4  5 |
---------------+----------------+-----
Necromancy     | 5 |  5.5
Spellcasting   | 3 |  3.2
Fighting       | 2 |  2.8
Dodging        | 2 3 |  3.4
Stealth        | |  1.7

Action                   |  1- 3 |  4- 6 || total
-------------------------+-------+-------++-------
Melee: Unarmed           |     2 |       ||     2
       Dagger            |    22 |       ||    22
       Hand axe          |    19 |    29 ||    48
       Short sword       |       |    42 ||    42
Throw: Stone             |    13 |     1 ||    14
 Cast: Pain              |    53 |    27 ||    80
       Animate Skeleton  |       |     7 ||     7
       Vampiric Draining |       |     5 ||     5
       Regeneration      |       |     1 ||     1
  Use: Potion            |       |     4 ||     4
 Stab: Sleeping          |       |     2 ||     2
  Eat: Chunk             |     3 |     4 ||     7
